 Dungeon Crawl Stone Soup version 0.24.0-2-g5b39cebb1c (webtiles) character file.

Game seed: 12397507477126277965, levelgen mode: deterministic

201 smystokes the Chopper (level 5, -2/50 HPs)
             Began as a Deep Dwarf Fighter on Oct 29, 2019.
             Killed by divine providence
             ... invoked by an orc priest
              (12 damage)
             ... on level 3 of the Dungeon.
             The game lasted 00:16:49 (2204 turns).

smystokes the Chopper (Deep Dwarf Fighter)          Turns: 2204, Time: 00:16:49

Health: -2/50      AC:  9    Str: 19    XL:     5   Next: 50%
Magic:  4/4        EV:  5    Int: 10    God:
Gold:   158        SH:  9    Dex: 12    Spells: 4/4 levels left

rFire    . . .     SeeInvis .   a - +0 broad axe (freeze)
rCold    . . .     Gourm    .   c - +0 shield
rNeg     . . .     Faith    .   h - +0 chain mail
rPois    .         Spirit   .   (no helmet)
rElec    .         Reflect  .   (no cloak)
rCorr    .         Harm     .   (no gloves)
MR       .....                  (no boots)
Stlth    ..........             (no amulet)
HPRegen  0.00/turn              (no ring)
MPRegen  0.09/turn              (no ring)

@: non-regenerating
A: damage resistance, heal wounds, sense surroundings 1, no regeneration
a: Heal Wounds


You were on level 3 of the Dungeon.
You were not hungry.

You visited 1 branch of the dungeon, and saw 3 of its levels.

You collected 158 gold pieces.

Inventory:

Hand Weapons
 a - a +0 broad axe of freezing (weapon)
 b - a +0 hunting sling
 o - a +0 war axe
Missiles
 k - 8 sling bullets
Armour
 c - a +0 shield (worn)
 h - a +0 chain mail (worn)
Scrolls
 m - a scroll of teleportation {unknown}
 p - a scroll of amnesia {unknown}
Potions
 d - a potion of might
 e - a potion of lignification {unknown}
 g - a potion of brilliance {unknown}
 i - a potion of mutation {unknown}
 j - a potion of agility {unknown}
 n - a potion of heal wounds {unknown}
Comestibles
 f - 6 rations
 l - 4 chunks of flesh


   Skills:
 + Level 3.7 Fighting
 * Level 4.7 Axes
 - Level 3.2 Armour
 - Level 0.2 Dodging
 + Level 4.3 Shields


You had 4 spell levels left.
You didn't know any spells.
Your spell library was empty.

Dungeon Overview and Level Annotations

Branches:
Dungeon (3/15)

Altars:
Fedhas
The Shining One

Annotations:
D:2 exclusion: 2 downstairs


Innate Abilities, Weirdness & Mutations

You are resistant to damage.
You can heal yourself by infusing magical energy.
You passively map a small area around you.
You do not regenerate.


Message History

A rat comes into view.
The orc priest hits you but does no damage.
The adder bites you but does no damage. The adder bites you but does no damage.
Your shield and chain mail prevent you from hitting the orc priest.
You hit the adder.
The adder seems to slow down.
You freeze the adder. The adder bites you.
The orc priest looks encouraged for a moment.
You barely miss the orc priest. You slash the adder! You freeze the adder.
You kill the adder!
The orc priest barely misses you. The orc priest hits you with a +0 whip.
You closely miss the orc priest. You hit the kobold but do no damage.
You block the kobold's attack.
The orc priest calls down the wrath of Beogh upon you.
Beogh smites you!
* * * LOW HITPOINT WARNING * * *
You block the kobold's attack.
The orc priest mumbles some strange prayers to Beogh against you.
Beogh smites you!
You die...

....... ,, . ##...#
....... * ###..### *
,...............##.......
,
...............,........
, ....... ......#
#....... , *
..r...r##.....# #.......
, #Ko#.....# #.......
##.#.....* #....>.. * #@#
#..# #......# .#
#.####)## ###)..## ### .#
#..##...####((.... ..#
#.# ##..#.#...........
..# ##..#
##...#####....... ..#
#..# ##.## ##......
..###.###### ### ##......
...........# ##..##.##
...........####
####....#...


You could see an orc priest, a kobold and a rat.

Vanquished Creatures
  2 orc wizards (D:3)
  An iguana (D:3)
  A hound skeleton (D:3)
  4 adders
  An ooze (D:3)
  2 dart slugs
  A leopard gecko (D:2)
  6 orcs
  3 bats
  5 giant cockroaches
  5 goblins (D:2)
  8 hobgoblins
  A quokka (D:2)
  A ball python (D:2)
  A frilled lizard (D:2)
  6 kobolds
  7 rats
55 creatures vanquished.

Notes
Turn   | Place    | Note
-------+----------+-------------------------------------------
     0 | D:1      | smystokes the Deep Dwarf Fighter began the quest for the
                  | Orb.
     0 | D:1      | Reached XP level 1. HP: 20/20 MP: 1/1
   415 | D:1      | Reached XP level 2. HP: 24/27 MP: 2/2
   853 | D:2      | Reached XP level 3. HP: 28/34 MP: 3/3
   935 | D:2      | Found a glowing golden altar of the Shining One.
  1210 | D:2      | Found a blossoming altar of Fedhas.
  1438 | D:3      | Reached XP level 4. HP: 16/42 MP: 4/4
  1477 | D:3      | Noticed a sky beast
  2074 | D:3      | Reached XP level 5. HP: 29/49 MP: 4/4
  2204 | D:3      | Killed from afar by an orc priest

Levels and vault maps discovered:
D:1:      lightli_arrival_noodles, layout_rooms, grunt_decor_fettered
D:2:      layout_loops_ring, old_standard_altar, old_standard_altar
D:3:      layout_rooms, lemuel_round_altar, first_ration

Skill      XL: |  1  2  3  4 |
---------------+-------------+-----
Fighting       | 3 |  3.7
Axes           | 3 4 |  4.7
Shields        | 4 |  4.3
Armour         | |  3.2
Dodging        | |  0.2

Action                   |  1- 3 |  4- 6 || total
-------------------------+-------+-------++-------
Melee: War axe           |   123 |       ||   123
       Broad axe         |       |    80 ||    80
 Fire: Hunting sling     |    11 |     1 ||    12
 Abil: Heal Wounds       |       |     2 ||     2
  Use: Potion            |       |     3 ||     3
       Scroll            |       |     1 ||     1
  Eat: Chunk             |     2 |     3 ||     5
Armor: Scale mail        |    59 |    14 ||    73
       Chain mail        |       |    27 ||    27
Dodge: Dodged            |    34 |    14 ||    48
Block: Shield            |    72 |    42 ||   114
